 Dungeon Crawl Stone Soup version 0.25.0-26-g0c896c7088 (webtiles) character file.

Game seed: 16840594097412032873

165 MisterFreud the Ruffian (level 5, -3/38 HPs)
             Began as a Ghoul Earth Elementalist on July 2, 2020.
             Slain by an orc warrior
             ... wielding a +0 hand axe
              (16 damage)
             ... on level 4 of the Dungeon.
             The game lasted 00:04:09 (3002 turns).

MisterFreud the Ruffian (Ghoul Earth Elementalist)  Turns: 3002, Time: 00:04:09

Health: -3/38      AC:  9    Str: 12    XL:     5   Next: 46%
Magic:  6/6        EV:  5    Int: 11    God:
Gold:   118        SH:  0    Dex:  9    Spells: 6/7 levels left

rFire    + . .     SeeInvis .     - Unarmed
rCold    + . .     Gourm    .   (no shield)
rNeg     + + +     Faith    .   i - +0 chain mail
rPois    ∞         Spirit   .   (no helmet)
rElec    .         Reflect  .   (no cloak)
rCorr    +         Harm     .   r - +0 pair of gloves
MR       .....                  (no boots)
Stlth    ..........             (no amulet)
HPRegen  0.00/turn              a - ring of protection from fire
MPRegen  0.10/turn              g - ring of resist corrosion

@: rotting
A: rotting body, claws 1, carnivore, cold resistance 1, negative energy
resistance 3, inhibited regeneration, torment resistance, unbreathing
a: no special abilities


You were on level 4 of the Dungeon.
You were not hungry.

You visited 1 branch of the dungeon, and saw 4 of its levels.

You collected 118 gold pieces.

Inventory:

Missiles
 b - 150 stones (quivered)
Armour
 c - a +0 robe
 f - a +0 kite shield
 i - a +0 chain mail (worn)
 r - a +0 pair of gloves (worn)
Jewellery
 a - a ring of protection from fire (left hand)
 g - a ring of resist corrosion (right hand)
Scrolls
 e - a scroll of blinking {unknown}
 h - 2 scrolls of teleportation {unknown}
 j - 3 scrolls of identify {unknown}
 m - 2 scrolls of remove curse {unknown}
 p - a scroll of enchant weapon {unknown}
 q - 2 scrolls of fear {unknown}
Potions
 k - a potion of resistance {unknown}
 n - 4 potions of curing
 o - a potion of degeneration {unknown}
Comestibles
 d - 6 rations
 l - a chunk of flesh


   Skills:
 - Level 1.7 Dodging
 - Level 2.1 Stealth
 + Level 5.5 Unarmed Combat
 - Level 1.7 Spellcasting
   Level 0.8 Transmutations
 - Level 3.2 Earth Magic


You had 6 spell levels left.
You knew the following spells:

 Your Spells              Type           Power        Failure   Level  Hunger
a - Sandblast             Erth           #.....       98%         1    ##.....

Your spell library contained the following spells:

 Spells                   Type           Power        Failure   Level  Hunger
 Passwall                 Tmut/Erth      #.......     100%        2    ###....
 Stone Arrow              Conj/Erth      #.....       100%        3    ####...
 Petrify                  Tmut/Erth      #.......     100%        4    #####..
 Lee's Rapid Deconstruct  Erth           #.........   100%        5    ######.


Dungeon Overview and Level Annotations

Branches:
Dungeon (4/15)
 Temple: D:4-7

Altars:
Ashenzari
Ru


Innate Abilities, Weirdness & Mutations

Your body is rotting away.
You thrive on raw meat.
You are immune to poison.
You have sharp fingernails.
You are carnivorous and can eat meat at any time.
Your flesh is cold resistant. (rC+)
You are immune to negative energy. (rN+++)
You do not regenerate when monsters are visible.
You are immune to unholy pain and torment.
You can survive without breathing.


Message History

There is a stone staircase leading down here.
The orc warrior hits you with a +0 hand axe.
The orc hits you but does no damage.
You climb downwards.
There is a stone staircase leading up here.
The orc hits you but does no damage.
Found 10 gold pieces.
You hit the orc.
The orc is severely wounded.
You hit the orc warrior but do no damage.
You punch the orc warrior!
The orc warrior is moderately wounded.
The orc warrior hits you with a +0 hand axe!
You hit the orc warrior but do no damage.
The orc warrior is moderately wounded.
The orc warrior hits you with a +0 hand axe.
You hit the orc warrior.
The orc warrior is heavily wounded.
The orc warrior hits you with a +0 hand axe!
You die...

#.######......
##.# ....# #
#..# ....
#.###.#######.#
###
#....÷<........
#......[......#
#####o#########
#o# #@# #...#
....$..
####.##.# .# #
.# #


You could see an orc warrior and an orc.

Vanquished Creatures
  An orc wizard (D:3)
  Natasha (D:3)
  3 adders
  2 dart slugs
  4 leopard geckos
  An orc (D:4)
  7 bats
  2 giant cockroaches (D:1)
  5 hobgoblins
  2 jackals (D:2)
  7 kobolds
  A quokka (D:4)
  5 frilled lizards
  8 goblins
  9 rats
58 creatures vanquished.

Vanquished Creatures (others)
  Natasha (D:3)
1 creature vanquished.

Grand Total: 59 creatures vanquished

Notes
Turn   | Place    | Note
-------+----------+-------------------------------------------
     0 | D:1      | MisterFreud the Ghoul Earth Elementalist began the quest
                  | for the Orb.
     0 | D:1      | Reached XP level 1. HP: 14/14 MP: 2/2
   143 | D:1      | Reached skill level 1 in Unarmed Combat
   300 | D:1      | Reached XP level 2. HP: 19/20 MP: 3/3
   349 | D:1      | Reached skill level 2 in Unarmed Combat
   879 | D:1      | Reached XP level 3. HP: 26/26 MP: 4/4
  1035 | D:1      | Reached skill level 3 in Unarmed Combat
  1387 | D:2      | Found a shattered altar of Ashenzari.
  1517 | D:2      | Reached XP level 4. HP: 26/33 MP: 5/5
  1523 | D:2      | Reached skill level 4 in Unarmed Combat
  2138 | D:3      | Found a sacrificial altar of Ru.
  2360 | D:3      | Noticed an orc warrior
  2392 | D:4      | Reached XP level 5. HP: 22/38 MP: 6/6
  2494 | D:3      | Noticed Natasha
  2525 | D:3      | Killed Natasha
  2525 | D:3      | Reached skill level 5 in Unarmed Combat
  2785 | D:3      | Noticed Natasha
  2801 | D:3      | Killed Natasha
  3002 | D:4      | Slain by an orc warrior

Illustrated notes

Levels and vault maps discovered:
D:1:      dpeg_arrival_erosion, layout_rooms, hangedman_decor_slide_cut
D:2:      layout_basic, ashenzari_altar_1
D:3:      layout_basic, nicolae_ru_great_annihilating_truth, first_ration,
          uniq_crazy_yiuf_cottage, uniq_natasha
D:4:      layout_loops_ring, serial_rivers, chequers_serial_rivers_small_3,
          chequers_serial_rivers_large_b, chequers_serial_rivers_small_b,
          chequers_serial_rivers_marsh, chequers_serial_rivers_micro_e,
          chequers_serial_rivers_micro_c

Skill      XL: |  1  2  3  4  5 |
---------------+----------------+-----
Unarmed Combat | 1 2 3 4 5 |  5.5
Dodging        | |  1.7
Stealth        | |  2.1
Spellcasting   | |  1.7
Transmutations | |  0.8
Earth Magic    | |  3.2

Action                   |  1- 3 |  4- 6 || total
-------------------------+-------+-------++-------
Melee: Unarmed           |   179 |   140 ||   319
       Punch             |     1 |       ||     1
  Use: Potion            |       |     3 ||     3
 Stab: Paralysed         |       |     1 ||     1
  Eat: Chunk             |     4 |     3 ||     7
Armor: Robe              |    10 |       ||    10
       Chain mail        |    91 |    85 ||   176
Dodge: Dodged            |    76 |    42 ||   118
